 Dungeon Crawl Stone Soup version 0.28.0-53-g5a82cb258f (webtiles) character file.

Game seed: 16775059447461450266

116 Peloso the Covered (level 4, -11/40 HPs)
             Began as a Minotaur Fighter on May 29, 2022.
             Killed by divine providence
             ... invoked by an orc priest
              (15 damage)
             ... on level 3 of the Dungeon.
             The game lasted 00:02:49 (2377 turns).

Peloso the Covered (Minotaur Fighter)               Turns: 2377, Time: 00:02:50

Health: -11/40     AC:  9    Str: 20    XL:     4   Next: 69%
Magic:  3/3        EV:  7    Int:  5    God:
Gold:   177        SH:  5    Dex: 12    Spells: 3/3 levels left

rFire   . . .      SeeInvis .   a - +0 long sword
rCold   . . .      Faith    .   c - +0 buckler
rNeg    . . .      Spirit   .   f - +0 chain mail
rPois   .          Reflect  .   (helmet restricted)
rElec   .          Harm     .   (no cloak)
rCorr   .          Rampage  .   (no gloves)
Will    .....                   (no boots)
Stlth   ..........              (no amulet)
HPRegen 0.13/turn               (no ring)
MPRegen 0.08/turn               (no ring)

@: no status effects
A: horns 2, retaliatory headbutt
a: no special abilities


You were on level 3 of the Dungeon.
You visited 1 branch of the dungeon, and saw 3 of its levels.

You collected 177 gold pieces.

Inventory:

Hand Weapons
 a - a +0 long sword (weapon)
Armour
 b - a +0 scale mail
 c - a +0 buckler (worn)
 f - a +0 chain mail (worn)
Jewellery
 j - an amulet of reflection
Scrolls
 e - a scroll of summoning {unknown}
 g - 2 scrolls of immolation {unknown}
 h - a scroll of noise {unknown}
 i - a scroll of torment {unknown}
 k - 2 scrolls of identify {unknown}
 n - a scroll of magic mapping {unknown}
Potions
 d - a potion of might
 l - a potion of attraction {unknown}
 m - 2 potions of heal wounds {unknown}


   Skills:
 + Level 4.0 Fighting
 + Level 3.7 Long Blades
 + Level 4.7 Armour
 + Level 0.4 Dodging
 + Level 4.6 Shields


You had 3 spell levels left.
You didn't know any spells.
Your spell library was empty.

Dungeon Overview and Level Annotations

Branches:
Dungeon (3/15)

Altars:

Shops:
D:1 (


Innate Abilities, Weirdness & Mutations

You have a pair of horns on your head.
You reflexively headbutt those who attack you in melee.


Message History

You hit something.
Something hits you but does no damage. x2
You miss something. You block something's attack.
You barely miss something. Something hits you but does no damage.
You slash something!
You hear some strange, mumbled words.
A magic dart appears from out of thin air!
The magic dart hits you.
You closely miss something. Something hits you.
Something hits you but does no damage.
You hit something.
Reactivating autopickup.
You feel a bit more experienced.
You hit the orc.
The orc is severely wounded.
The orc hits you but does no damage.
You barely miss the orc.
The orc is severely wounded.
You block the orc's attack. The orc hits you but does no damage.
You hit the orc.
You kill the orc!
You hit the orc.
The orc is lightly wounded.
The orc hits you but does no damage.
The orc priest calls upon Beogh to heal the orc.
The orc's wounds heal themselves!
The orc barely misses you.
You hit the orc.
The orc is lightly wounded.
The orc priest calls upon Beogh to heal the orc.
The orc's wounds heal themselves!
The orc hits you but does no damage.
You hit the orc but do no damage. The orc hits you but does no damage.
The orc priest calls down the wrath of Beogh upon you.
Beogh smites you!
* * * LOW HITPOINT WARNING * * *
You hit the orc. You headbutt the orc, but do no damage.
The orc is lightly wounded.
The orc hits you with a +0 club.
* * * LOW HITPOINT WARNING * * *
The orc priest invokes the aid of Beogh against you.
Beogh smites you!
You die...

.#
###.########.#
#....oo@...#.#
##
#.#.######.#.#
.#
.#.#####....##
.#
..............#
.#
#.#.#####>..#.#
.#########.#
######.##.####
........##..
#.............
#######.##.#
#.####.##.####
#.##.###.## #.#
#


You could see an orc priest and an orc.

Vanquished Creatures
  An orc wizard (D:3)
  2 adders
  An ufetubus (D:3)
  4 dart slugs
  6 orcs (D:3)
  6 bats
  An endoplasm (D:1)
  2 giant cockroaches
  6 goblins
  5 hobgoblins
  8 kobolds
  2 quokkas (D:1)
  4 ball pythons
  2 frilled lizards
  4 rats
54 creatures vanquished.

Notes
Turn   | Place    | Note
-------+----------+-------------------------------------------
     0 | D:1      | Peloso the Minotaur Fighter began the quest for the Orb.
     0 | D:1      | Reached XP level 1. HP: 19/19 MP: 0/0
    57 | D:1      | Reached XP level 2. HP: 27/27 MP: 1/1
   322 | D:1      | You fall into a shaft and drop 1 floor!
   667 | D:2      | Reached XP level 3. HP: 8/33 MP: 2/2
  1269 | D:1      | Found a faded altar of an unknown god.
  1372 | D:1      | Found Rixijo's Weapon Boutique.
  1945 | D:3      | Reached XP level 4. HP: 36/40 MP: 3/3
  2377 | D:3      | Killed from afar by an orc priest

Illustrated notes

Levels and vault maps discovered:
D:1:      saegor_arrival_simple_e, layout_loops_corners, serial_shops,
          nicolae_square_shop, ebering_ecumenical_altar_petrified
D:2:      layout_loops_ring
D:3:      layout_loops_ring, guppyfry_early_orc_mine

Skill      XL: |  1  2  3 |
---------------+----------+-----
Armour         | 4 |  4.7
Shields        | 4 |  4.6
Long Blades    | 3 |  3.7
Fighting       | 4 |  4.0
Dodging        | |  0.4

Action                   |  1- 3 |  4- 6 || total
-------------------------+-------+-------++-------
Melee: Long sword        |    87 |    39 ||   126
       Headbutt          |    15 |     5 ||    20
Armor: Scale mail        |    21 |       ||    21
       Chain mail        |    46 |    32 ||    78
Dodge: Dodged            |    43 |    11 ||    54
Block: Buckler           |    25 |     7 ||    32
